 Dungeon Crawl Stone Soup version 0.31.0-7-gf635a9b802 (webtiles) character file.

Game seed: 11933217131738111326

44 Arctor the Vexing (level 3, -4/21 HPs)
             Began as a Kobold Hexslinger on Jan 23, 2024.
             Killed by nerve-wracking pain
             ... invoked by Jessica
              (7 damage)
             ... on level 2 of the Dungeon.
             The game lasted 00:01:19 (1300 turns).

Arctor the Vexing (Kobold Hexslinger)               Turns: 1300, Time: 00:01:20

Health: -4/21      AC:  3    Str:  5    XL:     3   Next: 85%
Magic:  5/5        EV: 15    Int: 14    God:
Gold:   116        SH:  0    Dex: 19    Spells: 5/5 levels left

rFire   . . .        a - +1 sling
rCold   . . .        (no shield)
rNeg    . . .        c - +0 robe
rPois   .            h - +0 helmet
rElec   .            (no cloak)
rCorr   .            (no gloves)
SInv    .            (no boots)
Will    .....        (no amulet)
Stlth   +++          d - ring of wizardry
HPRegen 0.23/turn    (no ring)
MPRegen 0.09/turn

%: wizardry (x1)
@: no status effects
A: small, no large weapons, nightstalker 3
a: no special abilities


You were on level 2 of the Dungeon.
You visited 1 branch of the dungeon, and saw 2 of its levels.

You collected 116 gold pieces.

Inventory:

Hand Weapons
 a - a +1 sling (weapon)
Armour
 c - a +0 robe (worn)
 h - a +0 helmet (worn)
Jewellery
 d - a ring of wizardry (left hand)
Talismans
 n - a blade talisman
Scrolls
 b - a scroll of poison
 e - a scroll of teleportation {unknown}
 f - a scroll of vulnerability
 i - 2 scrolls of blinking
 j - a scroll of enchant armour {unknown}
 l - a scroll of identify {unknown}
 m - a scroll of fog {unknown}
Potions
 g - a potion of heal wounds {unknown}
 k - a potion of attraction {unknown}


   Skills:
 + Level 1.6 Fighting
 + Level 3.2 Ranged Weapons
 + Level 2.9 Dodging
 + Level 1.6 Spellcasting
 + Level 3.2 Hexes
 + Level 1.5 Fire Magic


You had 5 spell levels left.
You didn't know any spells.
Your spell library contained the following spells:

 Spells                   Type           Power      Damage    Failure   Level
 Jinxbite                 Hex            20%        N/A       4%          2
 Ensorcelled Hibernation  Hex/Ice        10%        N/A       8%          2
 Sigil of Binding         Hex            10%        N/A       8%          3
 Inner Flame              Hex/Fire       7%         N/A       12%         3
 Cause Fear               Hex            5%         N/A       26%         4
 Passwall                 Erth           1%         N/A       28%         3
 Swiftness                Air            1%         N/A       28%         3
 Dimensional Bullseye     Hex/Tloc       2%         N/A       43%         4


Dungeon Overview and Level Annotations

Branches:
Dungeon (2/15)

Altars:

Annotations:
D:2 Jessica


Innate Abilities, Weirdness & Mutations

You are small and have problems with some larger weapons.
You are completely attuned to the shadows.


Message History

The sling bullet hits Jessica but does no damage.
Jessica is heavily wounded.
Jessica hits you with a +0 dagger.
The endoplasm hits you but does no damage.
Jessica mumbles some strange words.
Jessica blinks!
You don't know any spells.
Sorry, you're not good enough to have a special ability.
You shoot a sling bullet. The sling bullet hits the endoplasm.
The endoplasm is moderately wounded.
The endoplasm freezes you.
You are frozen.
The endoplasm jiggles.
The endoplasm hits you.
You shoot a sling bullet. The sling bullet hits the endoplasm.
You kill the endoplasm!
Jessica misses you.
You shoot a sling bullet. The sling bullet hits Jessica.
Jessica is heavily wounded.
Jessica misses you. Jessica hits you with a +0 dagger.
You shoot a sling bullet.
The sling bullet hits Jessica but does no damage.
Jessica is heavily wounded.
Jessica hits you with a +0 dagger.
* * * LOW HITPOINT WARNING * * *
You shoot a sling bullet.
The sling bullet hits Jessica but does no damage.
Jessica is heavily wounded.
Jessica hits you with a +0 dagger.
* * * LOW HITPOINT WARNING * * *
Jessica misses you.
You shoot a sling bullet. The sling bullet hits Jessica.
Jessica is almost dead.
Jessica barely misses you. Jessica closely misses you.
You shoot a sling bullet.
The sling bullet closely misses Jessica.
Jessica misses you. Jessica casts a spell at you.
Pain shoots through your body!
You die...

......###.....#.#
##...
......##......#.#
###..
.............#.#
#....
###......#.###....
.$.# ##.##...........
..<. #..###..#.......
....##.###...####....
....#..##..#.# ####.
...>@.....##.#######.
...@...#####.........
.....#....#########..
...######.. .###....)
!.. # .........
####..... #.....
#..... #...).


You could see Jessica (fast).

Vanquished Creatures
  A dart slug (D:2)
  5 bats
  4 endoplasms
  A giant cockroach (D:1)
  3 goblins (D:1)
  4 hobgoblins (D:1)
  4 jackals (D:1)
  A kobold (D:1)
  3 quokkas
  4 ball pythons
  3 frilled lizards (D:1)
  2 rats (D:1)
35 creatures vanquished.

Notes
Turn   | Place    | Note
-------+----------+-------------------------------------------
     0 | D:1      | Arctor the Kobold Hexslinger began the quest for the Orb.
     0 | D:1      | Reached XP level 1. HP: 12/12 MP: 2/2
    77 | D:1      | Reached XP level 2. HP: 16/16 MP: 3/3
   321 | D:1      | Reached XP level 3. HP: 20/20 MP: 5/5
  1285 | D:2      | Noticed Jessica
  1300 | D:2      | Killed from afar by Jessica

Illustrated notes

Levels and vault maps discovered:
D:1:      ebering_trefoil_3fold, layout_loops_ring
D:2:      layout_rooms, uniq_jessica

Skill      XL: |  1  2 |
---------------+-------+-----
Ranged Weapons | 3 |  3.2
Fighting       | |  1.6
Dodging        | |  2.9
Spellcasting   | |  1.6
Hexes          | |  3.2
Fire Magic     | |  1.5

Action                     || total
---------------------------++-------
   Fire: Sling             ||    96
    Use: Scroll            ||     3
 Armour: Robe              ||    26
  Dodge: Dodged            ||    45
